 Dungeon Crawl Stone Soup version 0.14-a0-2162-g062a2ce (webtiles) character file.

3665 Jenx the Basher (level 10, -6/56 HPs)
             Began as a Gargoyle Fighter on Jan 28, 2014.
             Was a Follower of Okawaru.
             Mangled by a komodo dragon (19 damage)
             ... on Level 8 of the Dungeon.
             The game lasted 00:27:31 (7237 turns).

Jenx the Basher (Gargoyle Fighter)                  Turns: 7237, Time: 00:27:31

HP  -6/56        AC 20     Str 22      XL: 10   Next:  2%
MP  10/10        EV  2     Int  9      God: Okawaru [*.....]
Gold 324         SH 18     Dex  9      Spells:  0 memorised,  9 levels left

rFire  . . .     SeeInvis .     a - +13,+4 demon blade "Leech" {vamp, rN+ EV-1 Str-1 Dex-1 Int-1}
rCold  . . .     Clarity  .     s - +1 plate armour
rNeg   + + .     Conserve .     c - +0 shield
rPois  +         rCorr    .     (no helmet)
rElec  +         rRot     +     z - -1 cloak
SustAb . .       Spirit   .     (no gloves)
rMut   .         Warding  .     m - +0 pair of boots
Gourm  +         Stasis   .     X - amulet of the gourmand
MR     .....                    (no ring)
                                n - +2 ring of strength

@: not resistant to hostile enchantments, extremely unstealthy
A: life protection 1, electricity resistance, unbreathing, petrification
resistance, AC +7
a: Heroism, Renounce Religion


You were on level 8 of the Dungeon.
You worshipped Okawaru.
Okawaru was aware of your devotion.
You were hungry.

You visited 2 branches of the dungeon, and saw 9 of its levels.
You also visited: Sewer.

You collected 364 gold pieces.
You spent 40 gold pieces at shops.

Inventory:

Hand weapons
 a - the +13,+4 demon blade "Leech" (weapon) {vamp, rN+ EV-1 Str-1 Dex-1 Int-1}
   (You found it on level 5 of the Dungeon)

   It inflicts no extra harm, but heals its wielder somewhat when it strikes a
   living foe.
   It affects your evasion (-1).
   It affects your strength (-1).
   It affects your intelligence (-1).
   It affects your dexterity (-1).
   It protects you from negative energy.
 b - a +0 blowgun
 K - the +2,+1 hammer of Jyorenit {holy, rF+ SInv}
   (You found it on level 4 of the Dungeon)

   It has been blessed by the Shining One to cause great damage to the undead
   and demons.
   It protects you from fire.
   It enhances your eyesight.
Missiles
 l - 13 silver darts
 G - 15 tomahawks (quivered)
 L - 6 curare-tipped needles
Armour
 c - a +0 shield (worn)
 m - a +0 pair of boots (worn)
 s - a +1 plate armour (worn)
 x - a +0 large shield
 z - a -1 cloak (worn)
Magical devices
 A - a wand of frost (10)
 B - a wand of paralysis (10)
 M - a wand of fireball (3)
 T - a wand of draining (0)
Comestibles
 d - 7 bread rations
 f - 3 apples
 q - a choko
 r - 5 meat rations
 C - a chunk of hobgoblin flesh
Scrolls
 h - a scroll of immolation
 j - 7 scrolls of remove curse
 k - a scroll of random uselessness
 t - 2 scrolls of fog {unknown}
 w - 3 scrolls of teleportation
 y - a scroll of enchant armour {unknown}
 F - a scroll of vulnerability {unknown}
 H - 3 scrolls of blinking
 I - 5 scrolls of enchant weapon II
 J - 2 scrolls of magic mapping
 O - a scroll of curse weapon {unknown}
 R - a scroll of identify
 S - a scroll of recharging {unknown}
 Y - a scroll of curse jewellery {unknown}
Jewellery
 g - an uncursed ring of teleport control
 n - a +2 ring of strength (left hand)
 P - an uncursed amulet of stasis
 X - an amulet of the gourmand (around neck)
Potions
 e - 2 potions of lignification
 i - a potion of brilliance
 o - a potion of flight {unknown}
 p - 2 potions of agility
 u - a potion of curing {unknown}
 v - a potion of heal wounds {unknown}
 D - a potion of invisibility {unknown}
 E - 2 potions of resistance
 Q - a potion of cure mutation
 W - 2 potions of confusion {unknown}
Books
 N - a book of the Sky

   Spells                             Type                      Level
   Flight                             Charms/Air                   3
   Airstrike                          Air                          4
   Silence                            Hexes/Air                    5
   Deflect Missiles                   Charms/Air                   6
   Conjure Ball Lightning             Conjuration/Air              6
   Tornado                            Air                          9


   Skills:
 - Level 3.2 Fighting
 + Level 7.6 Long Blades
 - Level 11.7 Maces & Flails
 - Level 2.0 Throwing
 - Level 3.2 Armour
 - Level 3.2 Shields


You had 9 spell levels left.
You didn't know any spells.

Dungeon Overview and Level Annotations

Branches:
Dungeon (8/16)             Temple (1/1) D:5            Lair (0/8) D:8

Altars:
Ashenzari
Cheibriados
Dithmengos
Elyvilon
Fedhas
Kikubaaqudgha
Makhleb
Nemelex Xobeh
Okawaru
Sif Muna
Vehumet
Xom
Yredelemnul
Zin
The Shining One
Lugonu

Shops:
D:8 =

Annotations:
D:4 exclusion: statue


Innate Abilities, Weirdness & Mutations

You are resistant to torment.
You are immune to poison.
Your stone body is very resilient (AC +7).
You resist negative energy.
You are resistant to electric shocks.
You can survive without breathing.
You are immune to petrification.


Message History

Your plate armour prevents you from hitting the komodo dragon.
The komodo dragon is moderately wounded.
The komodo dragon bites you.
* * * LOW HITPOINT WARNING * * *
You slash the komodo dragon!
You feel better.
The komodo dragon is moderately wounded.
The komodo dragon bites you but does no damage.
You slash the komodo dragon!
The komodo dragon is heavily wounded.
The komodo dragon bites you but does no damage.
You slash the komodo dragon!
You feel better.
The komodo dragon is severely wounded.
The komodo dragon bites you!
* * * LOW HITPOINT WARNING * * *
You hit the komodo dragon but do no damage.
The komodo dragon is severely wounded.
You hit the komodo dragon but do no damage.
The komodo dragon is severely wounded.
The komodo dragon bites you!
You die...

.......#.#
##...##.# ##..
#.# ##. #.#
#.########
#........###
#.####.....###
#.##...P.....##
#.#.....@PPP.P#
#......PlPPPPP#
#.....PPP..PPP#
##.P.PPP..>.PP#


##PPPPPP...PP# ##PPPPPPPPP## ########### You could see a komodo dragon.

Vanquished Creatures
  Pikel (D:4)
  A hippogriff (D:8)
  The ghost of Jenx the Cudgeler, an average GrFi (D:4)
  2 sky beasts
  An ice beast (D:4)
  Purgy (D:3)
  2 ogres
  A slave (D:4)
  3 centaurs
  Sigmund (D:7)
  Blork the orc (D:4)
  A giant frog (D:6)
  4 wights (D:6)
  4 crimson imps
  6 hounds
  A gnoll shaman (D:4)
  2 goliath beetles
  A quasit (D:8)
  A giant frog zombie (D:5)
  2 jellies
  Crazy Yiuf (D:4)
  6 orc wizards
  A giant frog skeleton (D:4)
  An iguana (D:4)
  3 orc priests
  3 worker ants
  Ijyb (D:7)
  8 adders
  10 gnolls
  A green rat (D:3)
  A giant centipede (D:3)
  2 worms
  A scorpion zombie (D:8)
  An orc skeleton (D:7)
  A grey rat (D:3)
  A giant eyeball (D:6)
  4 giant geckos
  An ooze (D:3)
  29 orcs
  7 giant cockroaches
  9 goblins
  15 hobgoblins
  3 quokkas
  2 ball pythons
  16 bats
  6 giant newts
  A hobgoblin skeleton (D:6)
  12 jackals
  7 kobolds
  12 rats
  A ballistomycete (D:6)
  A plant (D:8)
205 creatures vanquished.

Vanquished Creatures (others)
  A jelly (D:4)
  An adder (D:4)
  A worm (D:4)
  A giant cockroach (D:4)
  A giant spore (D:6)
  A rat (D:4)
6 creatures vanquished.

Grand Total: 211 creatures vanquished

Notes
Turn   | Place    | Note
--------------------------------------------------------------
     0 | D:1      | Jenx, the Gargoyle Fighter, began the quest for the Orb.
     0 | D:1      | Reached XP level 1. HP: 14/14 MP: 1/1
    76 | D:1      | Reached XP level 2. HP: 13/19 MP: 2/2
   693 | D:2      | Reached XP level 3. HP: 23/23 MP: 3/3
   762 | D:2      | Reached skill level 4 in Maces & Flails
   816 | D:2      | Found an ancient bone altar of Kikubaaqudgha.
  1638 | D:3      | Reached XP level 4. HP: 28/28 MP: 4/4
  1771 | D:3      | Reached skill level 5 in Maces & Flails
  1777 | D:3      | Found a glowing drain.
  1781 | Sewer    | Entered a sewer
  1823 | Sewer    | Noticed Purgy
  1880 | D:3      | Killed Purgy
  1880 | D:3      | Reached skill level 6 in Maces & Flails
  1880 | D:3      | Reached XP level 5. HP: 3/32 MP: 5/5
  2412 | D:3      | Found a shattered altar of Ashenzari.
  2624 | D:3      | Reached XP level 6. HP: 33/37 MP: 6/6
  2810 | D:3      | Found a glowing silver altar of Zin.
  3037 | D:4      | Noticed Crazy Yiuf
  3061 | D:4      | Killed Crazy Yiuf
  3061 | D:4      | Reached skill level 7 in Maces & Flails
  3087 | D:4      | Got a pitted hammer
  3123 | D:4      | Noticed Blork the orc
  3151 | D:4      | Killed Blork the orc
  3151 | D:4      | Reached skill level 1 in Throwing
  3168 | D:4      | Identified the +2,+1 hammer of Jyorenit {holy, rF+ SInv} (You found it on level 4 of the Dungeon)
  3249 | D:4      | Reached XP level 7. HP: 3/41 MP: 7/7
  3623 | D:4      | Found a shimmering altar of Xom.
  3623 | D:4      | Found a white marble altar of Elyvilon.
  3666 | D:4      | Noticed Jenx's ghost (average GrFi)
  3684 | D:4      | Killed Jenx's ghost
  3684 | D:4      | Reached skill level 8 in Maces & Flails
  3757 | D:4      | Noticed Pikel
  3777 | D:4      | Killed Pikel
  3777 | D:4      | Reached skill level 10 in Maces & Flails
  3777 | D:4      | Reached XP level 8. HP: 38/46 MP: 8/8
  4092 | D:4      | Found a radiant altar of Vehumet.
  4134 | D:4      | Reached skill level 11 in Maces & Flails
  4567 | D:5      | Entered Level 5 of the Dungeon
  4714 | D:5      | Found a staircase to the Ecumenical Temple.
  4746 | Temple   | Entered the Ecumenical Temple
  4761 | Temple   | Became a worshipper of Warmaster Okawaru
  4829 | D:5      | Reached skill level 1 in Long Blades
  4829 | D:5      | Reached XP level 9. HP: 51/51 MP: 9/9
  5076 | D:5      | Found a burning altar of Makhleb.
  5227 | D:6      | Paralysed by a giant eyeball for 2 turns
  6063 | D:6      | Acquired Okawaru's first power
  6063 | D:6      | Reached skill level 5 in Long Blades
  6158 | D:6      | Found a shadowy altar of Dithmengos.
  6420 | D:7      | Noticed Sigmund
  6432 | D:7      | Killed Sigmund
  6502 | D:7      | Found a burning altar of Makhleb.
  6693 | D:7      | Noticed Ijyb
  6704 | D:7      | Killed Ijyb
  6905 | D:7      | Found a sparkling altar of Nemelex Xobeh.
  7054 | D:8      | Found Khoigymn's Jewellery Emporium.
  7070 | D:8      | Bought an uncursed amulet of inaccuracy for 20 gold pieces
  7070 | D:8      | Bought a cursed ring of hunger for 20 gold pieces
  7162 | D:8      | Reached XP level 10. HP: 56/56 MP: 10/10
  7211 | D:8      | Found a staircase to the Lair.
  7213 | D:8      | Noticed a komodo dragon
  7237 | D:8      | Mangled by a komodo dragon

Action                   |  1- 3 |  4- 6 |  7- 9 | 10-12 || total
-------------------------+-------+-------+-------+-------++-------
Melee: Mace              |   141 |   198 |       |       ||   339
       Hammer            |       |    35 |   227 |       ||   262
       Demon blade       |       |       |   213 |    24 ||   237
 Fire: Blowgun           |       |    12 |    27 |       ||    39
Throw: Dart              |       |     5 |     1 |       ||     6
       Tomahawk          |       |       |    21 |       ||    21
Invok: Heroism           |       |       |     1 |       ||     1
Evoke: Wand              |       |       |     3 |       ||     3
  Use: Scroll            |     1 |     3 |     6 |       ||    10
       Potion            |       |     3 |     1 |       ||     4
